 Dungeon Crawl Stone Soup version 0.30-a0-250-g41c1d76940 (webtiles) character file.

Game seed: 1984516544815056506

64 Iusername the Trooper (level 4, -8/40 HPs)
             Began as a Hill Orc Fighter on Oct 12, 2022.
             Killed from afar by Ijyb (26 damage)
             ... with a bolt of acid
             ... on level 3 of the Dungeon.
             The game lasted 00:02:41 (1930 turns).

Iusername the Trooper (Hill Orc Fighter)            Turns: 1930, Time: 00:02:42

Health: -8/40      AC:  0    Str: 20    XL:     4   Next: 12%
Magic:  4/4        EV:  9    Int:  8    God:
Gold:   176        SH:  0    Dex: 10    Spells: 3/3 levels left

rFire   . . .      SeeInvis .    a - +0 war axe
rCold   . . .      Faith    .    (no shield)
rNeg    . . .      Spirit   .    b - +0 scale mail
rPois   .          Reflect  .    g - +0 helmet
rElec   .          Harm     .    (no cloak)
rCorr   .          Rampage  .    (no gloves)
Will    .....                    (no boots)
Stlth   ..........               (no amulet)
HPRegen 0.26/turn                (no ring)
MPRegen 0.09/turn                (no ring)

@: mighty, corroded
A: no striking features
a: no special abilities


You were on level 3 of the Dungeon.
You visited 1 branch of the dungeon, and saw 3 of its levels.

You collected 176 gold pieces.

Inventory:

Hand Weapons
 a - a +0 war axe (weapon)
Armour
 b - a +0 scale mail (worn)
 g - a +0 helmet (worn)
Scrolls
 c - 3 scrolls of noise {unknown}
 e - a scroll of butterflies {unknown}
 f - 2 scrolls of fear {unknown}
 i - 3 scrolls of identify {unknown}
 l - a scroll of teleportation {unknown}
Potions
 h - a potion of attraction {unknown}
 j - a potion of degeneration {unknown}


   Skills:
 + Level 4.2 Fighting
 + Level 3.7 Axes
 + Level 3.9 Armour
 + Level 3.8 Shields


You had 3 spell levels left.
You didn't know any spells.
Your spell library was empty.

Dungeon Overview and Level Annotations

Branches:
Dungeon (3/15)

Altars:

Annotations:
D:3 Ijyb


Message History

Ijyb zaps a wand.
The bolt of acid hits you! The acid corrodes you!
You barely miss Ijyb.
Ijyb is moderately wounded.
Ijyb zaps a wand.
The bolt of acid hits you. The acid corrodes you!
You hit Ijyb but do no damage.
Ijyb is moderately wounded.
Ijyb barely misses you. Ijyb hits you with a +0 club.
You hit Ijyb but do no damage.
Ijyb is moderately wounded.
Ijyb hits you with a +0 club!
* * * LOW HITPOINT WARNING * * *
You hit Ijyb but do no damage.
Ijyb is moderately wounded.
Ijyb hits you with a +0 club.
* * * LOW HITPOINT WARNING * * *
You feel very mighty all of a sudden. Ijyb hits you with a +0 club.
* * * LOW HITPOINT WARNING * * *
It was a potion of heal wounds.
You feel much better. Ijyb hits you with a +0 club.
You closely miss Ijyb.
Ijyb is moderately wounded.
Ijyb barely misses you. Ijyb hits you with a +0 club.
You closely miss Ijyb.
Ijyb is moderately wounded.
Ijyb hits you with a +0 club!
* * * LOW HITPOINT WARNING * * *
You closely miss Ijyb.
Ijyb is moderately wounded.
Ijyb hits you with a +0 club.
* * * LOW HITPOINT WARNING * * *
You feel much better. Ijyb hits you with a +0 club.
You closely miss Ijyb.
Ijyb is moderately wounded.
Ijyb hits you with a +0 club. Ijyb misses you.
You barely miss Ijyb.
Ijyb is moderately wounded.
Ijyb zaps a wand.
The bolt of acid hits you!!
Ouch! That really hurt!
You die...

...##.##..#.#
..###.##..#.#####.###
......##......[.....
........†...####...#
####...........#...#
#...........#...#
#.........>.#...#
#...........#g..#..#.
#............@....>..
##.............#...#.
#.......##....# .#
#......(##....#
##.##. .....# ..
...?... .....###.
#.###.# .#


You could see Ijyb.

Vanquished Creatures
  3 worms
  6 dart slugs
  3 ball pythons
  3 endoplasms (D:1)
  2 giant cockroaches
  4 hobgoblins (D:1)
  4 kobolds
  3 quokkas
  3 bats
  3 frilled lizards
  8 rats
42 creatures vanquished.

Notes
Turn   | Place    | Note
-------+----------+-------------------------------------------
     0 | D:1      | Iusername the Hill Orc Fighter began the quest for the Orb.
     0 | D:1      | Reached XP level 1. HP: 19/19 MP: 1/1
   180 | D:1      | Reached XP level 2. HP: 25/27 MP: 2/2
   419 | D:1      | Reached skill level 4 in Fighting
   424 | D:1      | Reached XP level 3. HP: 24/33 MP: 3/3
  1712 | D:3      | Reached XP level 4. HP: 40/40 MP: 4/4
  1715 | D:3      | Identified the +6 short sword "Jatoacve" {drain, rC+}
  1910 | D:3      | Noticed Ijyb
  1930 | D:3      | Killed from afar by Ijyb

Illustrated notes

Levels and vault maps discovered:
D:1:      ebering_trefoil_twist, layout_basic
D:2:      layout_loops_ring, minmay_pentomino_v2
D:3:      layout_basic, portal_sewer_entry_e, uniq_ijyb

Skill      XL: |  1  2 |
---------------+-------+-----
Axes           | 3 |  3.7
Fighting       | 4 |  4.2
Armour         | |  3.9
Shields        | |  3.8

Action                   |  1- 3 |  4- 6 || total
-------------------------+-------+-------++-------
Melee: War axe           |   113 |    34 ||   147
       Punch             |     1 |       ||     1
  Use: Potion            |       |     3 ||     3
Armor: Scale mail        |    63 |     9 ||    72
Dodge: Dodged            |    50 |    20 ||    70
Block: Buckler           |     6 |       ||     6

Table legend: (Time is in decaauts)
 A = Elapsed time spent in this place.
 B = Non-inter-level travel time spent in this place.
 C = Inter-level travel time spent in this place.
 D = Time resting spent in this place.
 E = Time spent auto-exploring this place.
 F = Levels seen in this place.
 G = Mean time per level.
                   A        B        C        D        E       F      G
               +--------+--------+--------+--------+--------+-----+--------+
         Total |   1979 |   1925 |     54 |      0 |   1547 |   3 |  659.7 |
       Dungeon |   1979 |   1925 |     54 |      0 |   1547 |   3 |  659.7 |
               +--------+--------+--------+--------+--------+-----+--------+

Top non-repeatable levels by time:
     D:1: 985 daAuts
     D:2: 727 daAuts
     D:3: 266 daAuts
